 Dungeon Crawl Stone Soup version 0.21.1-1-g345015f (webtiles) character file.

1236 Gurps the Magician (level 8, -4/41 HPs)
             Began as a Gargoyle Earth Elementalist on Mar 24, 2018.
             Was an Initiate of Vehumet.
             Slain by a centaur (7 damage)
             ... on level 6 of the Dungeon.
             The game lasted 00:34:15 (5122 turns).

Gurps the Magician (Gargoyle Earth Elementalist)    Turns: 5122, Time: 00:34:15

Health: -4/41      AC:  8    Str: 12    XL:     8   Next: 49%
Magic:  14/19      EV: 12    Int: 18    God:    Vehumet [......]
Gold:   301        SH:  0    Dex: 10    Spells: 13/22 levels left

rFire    . . .     SeeInvis .   I - +2 flail (holy)
rCold    . . .     Gourm    .   (no shield)
rNeg     + . .     Faith    .   p - +0 robe
rPois    ∞         Spirit   .   G - +0 helmet
rElec    +         Reflect  .   (no cloak)
rCorr    .         Harm     .   (no gloves)
MR       .....                  (no boots)
Stlth    ++........             (no amulet)
HPRegen  0.13/turn              (no ring)
MPRegen  0.16/turn              (no ring)

@: no status effects
A: negative energy resistance 1, electricity resistance, unbreathing,
petrification resistance, rot immunity, AC +5
a: Renounce Religion


You were on level 6 of the Dungeon.
You worshipped Vehumet.
Vehumet was noncommittal.
You were hungry.

You visited 2 branches of the dungeon, and saw 7 of its levels.

You collected 301 gold pieces.

Inventory:

Hand Weapons
 a - a +0 club
 h - a +0 dagger
 n - a +0 dagger of protection
 x - a +0 mace
 F - a +3 shortbow
 I - a +2 flail of holy wrath (weapon)
 J - a +1 whip of electrocution
 K - a +0 whip of flaming
Missiles
 b - 39 stones (quivered)
Armour
 c - a +0 robe
 p - a +0 robe (worn)
 G - a +0 helmet (worn)
Jewellery
 g - an uncursed ring of magical power {unknown}
 C - an uncursed ring of flight {unknown}
Scrolls
 i - 15 scrolls of identify {unknown}
 m - a scroll of immolation {unknown}
 q - 4 scrolls of fear {unknown}
 r - a scroll of magic mapping {unknown}
 s - a scroll of random uselessness {unknown}
 t - a scroll of teleportation {unknown}
 u - a scroll of remove curse {unknown}
 v - a scroll of amnesia {unknown}
 z - 3 scrolls of enchant armour {unknown}
 A - a scroll of fog {unknown}
 D - a scroll of vulnerability {unknown}
Potions
 f - 2 potions of heal wounds {unknown}
 j - a potion of might {unknown}
 k - 3 potions of curing {unknown}
 l - 2 potions of haste {unknown}
 o - a potion of degeneration {unknown}
 w - 4 potions of agility {unknown}
 B - a potion of magic {unknown}
 E - a potion of resistance {unknown}
 H - a potion of berserk rage {unknown}
Books
 e - a book of Geomancy

   Spells                             Type                      Level
   a - Sandblast                      Earth                        1
   b - Passwall                       Transmutation/Earth          2
   c - Stone Arrow                    Conjuration/Earth            3
   d - Petrify                        Transmutation/Earth          4
   e - Lee's Rapid Deconstruction     Earth                        5
 y - a book of Cantrips

   Spells                             Type                      Level
   a - Confusing Touch                Hexes                        1
   b - Animate Skeleton               Necromancy                   1
   c - Summon Small Mammal            Summoning                    1
   d - Apportation                    Translocation                1
Comestibles
 d - 4 rations


   Skills:
 + Level 2.5 Maces & Flails
 - Level 1.5 Dodging
 - Level 2.1 Stealth
 * Level 7.6 Spellcasting
 + Level 0.3 Conjurations
   Level 0.7 Transmutations
 + Level 7.1 Earth Magic


You had 13 spell levels left.
You knew the following spells:

 Your Spells              Type           Power        Failure   Level  Hunger
a - Sandblast             Erth           ####..       1%          1    None
b - Stone Arrow           Conj/Erth      ###...       6%          3    #......
c - Lee's Rapid Deconstr  Erth           ####......   16%         5    #####..


Dungeon Overview and Level Annotations

Branches:
Dungeon (6/15)             Temple (1/1) D:5

Altars:
Cheibriados
Dithmenos
Elyvilon
Fedhas
Hepliaklqana
Kikubaaqudgha
Makhleb
Nemelex Xobeh
Okawaru
Qazlal
Ru
Trog
Uskayaw
Vehumet
Wu Jian
Xom
Yredelemnul
Zin


Innate Abilities, Weirdness & Mutations

You are resistant to torment.
Your stone body is resilient. (AC +5)
You are immune to poison.
You resist negative energy. (rN+)
You are resistant to electric shocks. (rElec)
You can survive without breathing.
You are immune to petrification.
You are immune to rotting.


Message History

The centaur hits you but does no damage.
Casting: Sandblast
Confirm with . or Enter, or press ? or * to list all spells.
Aiming: Sandblast
Press: ? - help, Shift-Dir - straight line, f/p - centaur
Aim: a centaur (moderately wounded)
The blast of sand hits the centaur.
The centaur is severely wounded.
b - 40 stones The centaur closely misses you.
Casting: Sandblast
Confirm with . or Enter, or press ? or * to list all spells.
Aiming: Sandblast
Press: ? - help, Shift-Dir - straight line, f/p - centaur
Aim: a centaur (severely wounded)
The blast of sand hits the centaur.
The centaur is severely wounded.
b - 39 stones The centaur hits you!
You die...

## #. #....# #######
#.##.###....## #.....#
#..#..##.#... . #.....#
#..#.#..#.# .. #.....#
#........###..p
#.....#######.........=..
#...........#....?..#
##.....##...(#...c...##..
#............[.<@.........
#.......######..(..#..#...
#...<........(.....##.# ..
#.......#####.†....# ... .
######### #.).....# .#.
#####.###.#.# .# #
#......##.##.. #.>....#...
.## #......#...###


You could see a centaur.

Vanquished Creatures
  Grinder (D:3)
  A slave (D:6)
  2 phantoms (D:4)
  2 centaurs
  The ghost of inc the Stinger, an amateur OpVM (D:4)
  2 bullfrogs
  A scorpion (D:4)
  2 howler monkeys
  A crimson imp (D:5)
  A centaur skeleton (D:4)
  An iguana (D:6)
  5 worker ants
  A hound zombie (D:5)
  3 gnolls (D:5)
  4 adders
  A shadow imp (D:5)
  3 worms
  3 dart slugs
  2 leopard geckos
  13 orcs
  8 bats
  2 giant cockroaches
  8 goblins
  2 hobgoblins
  3 jackals
  10 kobolds
  A quokka (D:2)
  A ball python (D:4)
  7 frilled lizards
  2 quokka skeletons
  6 rats
100 creatures vanquished.

Notes
Turn   | Place    | Note
-------+----------+-------------------------------------------
     0 | D:1      | Gurps the Gargoyle Earth Elementalist began the quest for the Orb.
     0 | D:1      | Reached XP level 1. HP: 10/10 MP: 3/3
   180 | D:1      | Reached XP level 2. HP: 2/15 MP: 1/5
   833 | D:1      | Reached XP level 3. HP: 8/19 MP: 6/6
  1075 | D:1      | Learned a level 3 spell: Stone Arrow
  2144 | D:3      | Reached XP level 4. HP: 24/24 MP: 5/8
  2382 | D:3      | Noticed Grinder
  2428 | D:3      | Paralysed by Grinder for 3 turns
  2450 | D:3      | Killed Grinder
  2450 | D:3      | Reached skill level 5 in Earth Magic
  2450 | D:3      | Reached XP level 5. HP: 14/28 MP: 3/12
  2450 | D:3      | Reached XP level 6. HP: 16/32 MP: 3/13
  2519 | D:3      | Learned a level 5 spell: Lee's Rapid Deconstruction
  2837 | D:3      | Reached skill level 5 in Spellcasting
  3137 | D:4      | Found an ornate altar of the Wu Jian Council.
  3156 | D:4      | Found a hide-covered altar of Uskayaw.
  3184 | D:4      | Noticed a phantom
  3198 | D:4      | Killed a phantom
  3214 | D:4      | Reached skill level 1 in Maces & Flails
  3214 | D:4      | Reached XP level 7. HP: 19/36 MP: 1/15
  3544 | D:4      | Noticed inc's ghost (amateur OpVM)
  3549 | D:4      | Killed inc's ghost
  3922 | D:5      | Entered Level 5 of the Dungeon
  3978 | D:5      | Found a staircase to the Ecumenical Temple.
  3991 | Temple   | Entered the Ecumenical Temple
  4051 | Temple   | Became a worshipper of Vehumet
  4391 | D:5      | Reached XP level 8. HP: 10/41 MP: 14/18
  5118 | D:6      | HP: 2/41 [centaur (7)]
  5122 | D:6      | Slain by a centaur

Skill      XL: |  1  2  3  4  5  6  7  8 |
---------------+-------------------------+-----
Earth Magic    | 4 5 6 7 |  7.1
Spellcasting   | 3 4 5 6 7 |  7.6
Maces & Flails | 1 2 |  2.5
Dodging        | |  1.5
Stealth        | |  2.1
Conjurations   | |  0.3
Transmutations | |  0.7

Action                   |  1- 3 |  4- 6 |  7- 9 || total
-------------------------+-------+-------+-------++-------
Melee: Club              |     7 |       |       ||     7
       Dagger            |    32 |     7 |       ||    39
       Mace              |       |    25 |    60 ||    85
       Flail             |       |       |    19 ||    19
 Cast: Sandblast         |    40 |    33 |    61 ||   134
       Stone Arrow       |       |     5 |     4 ||     9
       Lee's Rapid Decon |       |       |     2 ||     2
 Stab: Sleeping          |       |       |     1 ||     1
  Eat: Ration            |     2 |     1 |     1 ||     4
Armor: Robe              |    26 |    24 |    64 ||   114
Dodge: Dodged            |    42 |    46 |    81 ||   169
